 Dungeon Crawl Stone Soup version 0.29.1-12-g30fa7ad0bf (webtiles) character file.

Game seed: 8958921163582075608

445 mandoloar the Conjurer (level 6, 0/32 HPs)
             Began as a Deep Elf Conjurer on Dec 20, 2022.
             Succumbed to a kobold's poison
             ... on level 4 of the Dungeon.
             The game lasted 00:16:09 (4201 turns).

mandoloar the Conjurer (Deep Elf Conjurer)          Turns: 4201, Time: 00:16:10

Health: 0/32       AC:  5    Str:  4    XL:     6   Next: 72%
Magic:  16/16      EV:  9    Int: 25    God:
Gold:   196        SH:  0    Dex: 13    Spells: 8/15 levels left

rFire   . . .      SeeInvis .   e - +0 dagger
rCold   . . .      Faith    .   (no shield)
rNeg    . . .      Spirit   .   c - +0 ring mail
rPois   .          Reflect  .   (no helmet)
rElec   .          Harm     .   (no cloak)
rCorr   .          Rampage  .   (no gloves)
Will    .....                   (no boots)
Stlth   ++........              (no amulet)
HPRegen 0.10/turn               (no ring)
MPRegen 0.15/turn               (no ring)

@: lethally poisoned (0 -> -4)
A: no striking features
a: no special abilities


You were on level 4 of the Dungeon.
You visited 1 branch of the dungeon, and saw 4 of its levels.

You collected 196 gold pieces.

Inventory:

Hand Weapons
 e - a +0 dagger (weapon)
Armour
 a - a +0 robe
 c - a +0 ring mail (worn)
Jewellery
 k - an amulet of guardian spirit
Wands
 h - a wand of polymorph (6)
Scrolls
 i - a scroll of teleportation
 m - a scroll of torment
 n - 2 scrolls of enchant weapon
 p - a scroll of magic mapping {unknown}
Potions
 b - a potion of magic
 d - a potion of curing {unknown}
 f - a potion of heal wounds {unknown}
 g - a potion of mutation {unknown}
 j - a potion of cancellation {unknown}
 l - 2 potions of lignification {unknown}
 o - a potion of ambrosia {unknown}


   Skills:
 + Level 4.8 Dodging
 + Level 5.1 Stealth
 + Level 5.4 Spellcasting
 + Level 5.8 Conjurations


You had 8 spell levels left.
You knew the following spells:

 Your Spells              Type           Power      Damage    Failure   Level
a - Magic Dart            Conj           100%       1d8       4%          1
b - Searing Ray           Conj           72%        2d7       7%          2
c - Fulminant Prism       Conj/Hex       10%        3d9       82%         4

Your spell library contained the following spells:

 Spells                   Type           Power      Damage    Failure   Level
 Dazzling Flash           Conj/Hex       42%        N/A       41%         3
 Freeze                   Ice            24%        1d5       43%         1
 Frozen Ramparts          Ice            12%        1d2       82%         3
 Hailstorm                Conj/Ice       21%        3d6       82%         4
 Iskenderun's Mystic Bla  Conj/Tloc      21%        2d6       82%         4


Dungeon Overview and Level Annotations

Branches:
Dungeon (4/15)             Temple (0/1) D:4

Altars:
Fedhas
The Shining One

Shops:
D:2 *?:[


Message History

You kill the scorpion!
You finish channelling your searing ray.
You feel sick.
The scorpion stings you but does no damage.
Your Stealth skill increases to level 5!
Casting: Searing Ray (safe; 7% risk of failure)
Confirm with . or Enter, or press ? or * to list all spells.
Aiming: Searing Ray (safe; 7% risk of failure)
Press: ? - help, Shift-Dir - straight line, f/p - scorpion
Aim: a scorpion (almost dead, 81% to hit)
The searing ray hits the scorpion!
You kill the scorpion! (Press . to maintain the ray.)
You feel sick.
You start resting.
You feel sick.
You are no longer poisoned.
You start resting.
A kobold is nearby!
The kobold shouts!
The kobold throws a poisoned dart.
The poisoned dart hits you!
You are poisoned.
* * * LOW HITPOINT WARNING * * *
You feel sick.
You feel sick.
You feel sick.
You feel sick.
You feel sick.
You feel sick.
You see here a +0 club.
You feel sick.
You are no longer poisoned.
Things that are here:
a +0 ring mail; a +0 mace; an orc skeleton
Things that are here:
a +0 ring mail; a +0 short sword; an orc skeleton The kobold throws a poisoned dart.
The poisoned dart hits you.
You are lethally poisoned!
* * * LOW HITPOINT WARNING * * *
You feel sick.
You die...

...# ..> ..# # ## ..## .# .#
..###.# .#### #.#... ....#####
#.#.# .K......# ######...#
##.##.#.######..@..<..###
#......K..)[[.######...###
###........##### ###...#
....#...#....# ###.####
.######.#.)#.######## #......#
....###..#....).....###......#
.......#..#.#######..........#
###.#................#...h...#
#.......#.####.....##......#


There were no monsters in sight!

Vanquished Creatures
  3 scorpions (D:4)
  A jelly (D:4)
  An orc priest (D:4)
  Jessica (D:2)
  Natasha (twice) (D:4)
  Robin (D:2)
  3 adders
  A worm (D:2)
  3 dart slugs
  4 orcs (D:4)
  4 bats
  3 endoplasms
  2 giant cockroaches
  18 hobgoblins
  6 jackals
  A kobold (D:3)
  2 quokkas
  4 ball pythons
  6 frilled lizards
  12 goblins
  5 rats
83 creatures vanquished.

Notes
Turn   | Place    | Note
-------+----------+-------------------------------------------
     0 | D:1      | mandoloar the Deep Elf Conjurer began the quest for the
                  | Orb.
     0 | D:1      | Reached XP level 1. HP: 10/10 MP: 6/6
   323 | D:1      | Reached XP level 2. HP: 15/15 MP: 6/8
   848 | D:1      | Found a faded altar of an unknown god.
  1159 | D:2      | Reached XP level 3. HP: 19/19 MP: 3/10
  1490 | D:2      | Found Gelif's Magic Scroll Shoppe.
  1945 | D:2      | Reached XP level 4. HP: 24/24 MP: 8/11
  2091 | D:2      | Found Coagainu's Assorted Antiques.
  2153 | D:2      | Found Tanausy's Antique Armour Boutique.
  2160 | D:2      | Noticed Jessica
  2203 | D:2      | Killed Jessica
  2204 | D:2      | Reached skill level 5 in Conjurations
  2234 | D:2      | Noticed Robin
  2392 | D:2      | Killed Robin
  2486 | D:2      | Found Hushad's Book Emporium.
  2721 | D:3      | Learned a level 2 spell: Searing Ray
  2726 | D:3      | Learned a level 4 spell: Fulminant Prism
  2744 | D:3      | Found a glowing golden altar of the Shining One.
  3161 | D:3      | Reached XP level 5. HP: 28/28 MP: 10/13
  3581 | D:4      | Noticed Natasha
  3597 | D:4      | Killed Natasha
  3783 | D:4      | Found a staircase to the Ecumenical Temple.
  3959 | D:4      | Reached XP level 6. HP: 32/32 MP: 11/15
  4028 | D:4      | Reached skill level 5 in Spellcasting
  4051 | D:4      | Noticed Natasha
  4054 | D:4      | Killed Natasha
  4127 | D:4      | Found a blossoming altar of Fedhas.
  4145 | D:4      | Reached skill level 5 in Stealth
  4200 | D:4      | HP: 1/32 [poisoned by a kobold]
  4201 | D:4      | Succumbed to a kobold's poison

Illustrated notes

Levels and vault maps discovered:
D:1:      dpeg_arrival_rooms_with_view, layout_basic,
          nicolae_ecumenical_snake_handling
D:2:      layout_basic, serial_shops, nicolae_shop_crystal, shop,
          nicolae_lakefront_shop, shop, st_stairs_6, uniq_robin, uniq_jessica
D:3:      layout_basic, mainiacjoe_overflow_24_doors
D:4:      gammafunk_cloud_chamber, layout_rooms, lemuel_doored_altar,
          minmay_temple_entry_glass, uniq_natasha

Skill      XL: |  1  2  3  4  5  6 |
---------------+-------------------+-----
Dodging        | 3 4 |  4.8
Stealth        | 3 4 5 |  5.1
Spellcasting   | 4 5 |  5.4
Conjurations   | 5 |  5.8

Action                   |  1- 3 |  4- 6 || total
-------------------------+-------+-------++-------
 Cast: Magic Dart        |    81 |    42 ||   123
       Searing Ray       |       |    23 ||    23
  Use: Scroll            |       |     3 ||     3
Armor: Ring mail         |     8 |    15 ||    23
Dodge: Dodged            |     9 |    30 ||    39
